 Dungeon Crawl Stone Soup version 0.29.1-12-g30fa7ad0bf (webtiles) character file.

Game seed: 16438796679383010795

1642 Gabide the Ruffian (level 8, 0/64 HPs)
             Began as a Mummy Berserker on Dec 25, 2022.
             Was an Elder of Trog.
             Slain by a gnoll
             ... wielding a +0 spear
              (2 damage)
             ... on level 6 of the Dungeon.
             The game lasted 00:08:02 (6688 turns).

Gabide the Ruffian (Mummy Berserker)                Turns: 6688, Time: 00:08:03

Health: 0/64       AC: 10    Str: 23    XL:     8   Next: 67%
Magic:  8/8        EV: 13    Int:  6    God:    Trog [****..]
Gold:   387        SH:  0    Dex: 11    Spells: 7/7 levels left

rFire   x . .      SeeInvis .   g - +2 dagger (venom)
rCold   + + .      Faith    +   (no shield)
rNeg    + + +      Spirit   .   v - +0 leather armour of Pessimism {Drain +Blink rC+ Will+++}
rPois   ∞          Reflect  .   e - +0 helmet
rElec   .          Harm     .   h - +0 cloak
rCorr   .          Rampage  .   (no gloves)
Will    ++++.                   d - +0 pair of boots
Stlth   +.........              s - amulet of faith
HPRegen 0.20/turn               u - +4 ring of protection
MPRegen 0.11/turn               (no ring)

@: no status effects
A: cold resistance 1, negative energy resistance 3, torment resistance 2, heat
vulnerability 1, in touch with death 1, no potions
a: Renounce Religion, Evoke Blink, Trog's Hand, Brothers in Arms


You were on level 6 of the Dungeon.
You worshipped Trog.
Trog was greatly pleased with you.
You visited 1 branch of the dungeon, and saw 6 of its levels.

You collected 387 gold pieces.

Inventory:

Hand Weapons
 g - a +2 dagger of venom (weapon)
Missiles
 m - 2 boomerangs (quivered)
 o - 17 poisoned darts
Armour
 d - a +0 pair of boots (worn)
 e - a +0 helmet (worn)
 h - a +0 cloak (worn)
 v - the +0 leather armour of Pessimism (worn) {Drain +Blink rC+ Will+++}
   (You found it on level 6 of the Dungeon)

   rC:        It protects you from cold.
   +Blink:    It lets you blink.
   Drain:     It drains your maximum health when unequipped.
   Will:      It greatly increases your willpower.
Jewellery
 s - an amulet of faith (around neck)
 u - a +4 ring of protection (left hand)
Wands
 p - a wand of roots (8)
 q - a wand of polymorph (4)
Scrolls
 a - 2 scrolls of magic mapping
 c - a scroll of fear
 f - 2 scrolls of summoning
 i - a scroll of torment
 j - a scroll of amnesia {unknown}
 k - 2 scrolls of teleportation {unknown}
 l - 2 scrolls of immolation
 n - a scroll of vulnerability {unknown}
 r - a scroll of noise {unknown}
 t - a scroll of identify
 w - a scroll of enchant weapon {unknown}


   Skills:
 + Level 6.2 Fighting
 - Level 1.5 Armour
 + Level 4.8 Dodging
 * Level 7.0 Unarmed Combat


You had 7 spell levels left.
You didn't know any spells.
Your spell library was empty.

Dungeon Overview and Level Annotations

Branches:
Dungeon (6/15)
 Temple: D:4-7

Altars:
Cheibriados
Trog
Uskayaw

Shops:
D:5 *


Innate Abilities, Weirdness & Mutations

You are immune to poison.
Your flesh is cold resistant. (rC+)
You are immune to negative energy. (rN+++)
You are immune to unholy pain and torment.
You are vulnerable to heat. (rF-)
You are in touch with the powers of death.
You do not drink.


Message History

You hit the gnoll but do no damage.
The gnoll is poisoned.
The gnoll is moderately wounded.
The gnoll barely misses you.
You barely miss the gnoll.
The gnoll is moderately wounded.
The gnoll hits you but does no damage.
You hit the gnoll but do no damage.
The gnoll is moderately wounded.
The gnoll barely misses you.
You hit the gnoll. Your punch misses the gnoll.
The gnoll is heavily wounded.
The gnoll hits you with a +0 spear.
You hit the gnoll.
The gnoll is heavily wounded.
The jelly misses you. The gnoll barely misses you.
The gnoll attacks as you move away! The gnoll hits you with a +0 spear.
The gnoll hits you from afar with a +0 spear.
You hit the jelly.
Your hands burn!
* * * LOW HITPOINT WARNING * * *
The jelly is moderately wounded.
The gnoll barely misses you. The jelly hits you but does no damage.
You hit the jelly.
Your hands burn!
* * * LOW HITPOINT WARNING * * *
The jelly is moderately wounded.
The gnoll misses you. The jelly barely misses you.
You hit the jelly.
Your hands burn!
* * * LOW HITPOINT WARNING * * *
The jelly is moderately wounded.
The gnoll barely misses you. The jelly closely misses you.
Aiming: Fastroot
Press: ? - help, Shift-Dir - straight line, f - gnoll
Aim: a gnoll, wielding a +0 spear (heavily wounded, poisoned)
The roots erupt in riotous growth!
The jelly is unaffected.
Roots grab the gnoll.
The grasping roots constrict the gnoll.
The jelly hits you.
* * * LOW HITPOINT WARNING * * *
You are splashed with acid!
* * * LOW HITPOINT WARNING * * *
The gnoll hits you from afar with a +0 spear.
You die...

#..##.....##++###....
##. ##...............
#. #..#....)........
......#.............
.....###.#.###......
....# #...# ......
.....###...# .....
.......##..# .....
##...#@..# ....
#....J#|..........
##.#g###....#. ...
...## #... ....#
..... .....# ......
.....# ......# ..##
......


You could see a jelly and a gnoll (poisoned, rooted).

Vanquished Creatures
  Menkaure (D:4)
  A water moccasin (D:6)
  An ice beast (D:6)
  A black bear (D:5)
  3 wolves (D:6)
  A phantom (D:5)
  A kobold brigand (D:5)
  2 scorpions
  6 hounds
  An iron imp (D:4)
  A jelly (D:6)
  2 orc priests (D:5)
  2 iguanas
  2 orc wizards (D:4)
  Robin (D:2)
  4 adders
  11 gnolls
  A shadow imp (D:5)
  3 worms
  3 dart slugs
  18 orcs
  4 bats
  7 endoplasms
  3 giant cockroaches
  16 goblins
  9 hobgoblins
  10 jackals
  13 kobolds
  A quokka (D:2)
  13 ball pythons
  4 frilled lizards
  5 rats
151 creatures vanquished.

Vanquished Creatures (collateral kills)
  A gnoll (D:3)
  An orc (D:3)
  An endoplasm (D:3)
3 creatures vanquished.

Grand Total: 154 creatures vanquished

Notes
Turn   | Place    | Note
-------+----------+-------------------------------------------
     0 | D:1      | Gabide the Mummy Berserker began the quest for the Orb.
     0 | D:1      | Reached XP level 1. HP: 18/18 MP: 1/1
   130 | D:1      | Found a faded altar of an unknown god.
   389 | D:1      | Reached XP level 2. HP: 24/24 MP: 2/2
   720 | D:1      | Reached skill level 3 in Unarmed Combat
  1018 | D:1      | Gained mutation: You are in touch with the powers of death.
                  | [Mummy growth]
  1018 | D:1      | Reached XP level 3. HP: 29/29 MP: 3/3
  1501 | D:2      | Reached ** piety under Trog
  1973 | D:2      | Noticed Robin
  2166 | D:2      | Killed Robin
  2167 | D:2      | Reached XP level 4. HP: 33/35 MP: 4/4
  2786 | D:3      | Found a bloodstained altar of Trog.
  3005 | D:3      | Reached XP level 5. HP: 40/42 MP: 5/5
  3300 | D:3      | Reached *** piety under Trog
  3430 | D:3      | Reached skill level 4 in Unarmed Combat
  3823 | D:4      | Reached XP level 6. HP: 41/48 MP: 6/6
  3891 | D:4      | Found a snail-covered altar of Cheibriados.
  3917 | D:4      | Noticed Menkaure
  3930 | D:4      | Killed Menkaure
  4247 | D:4      | Found a hide-covered altar of Uskayaw.
  4715 | D:5      | Entered Level 5 of the Dungeon
  4752 | D:5      | Reached skill level 5 in Unarmed Combat
  4752 | D:5      | Reached XP level 7. HP: 38/55 MP: 7/7
  4870 | D:5      | Found Zacar's Neck Hole.
  4913 | D:5      | Reached skill level 5 in Fighting
  5611 | D:5      | Reached skill level 6 in Unarmed Combat
  5611 | D:5      | Reached XP level 8. HP: 25/63 MP: 8/8
  5962 | D:6      | Identified the +0 leather armour of Pessimism {Drain +Blink
                  | rC+ Will+++}
  6127 | D:6      | Reached **** piety under Trog
  6670 | D:6      | Reached skill level 7 in Unarmed Combat
  6688 | D:6      | HP: 2/64 [acid (10)]
  6688 | D:6      | Slain by a gnoll

Illustrated notes

Levels and vault maps discovered:
D:1:      dpeg_arrival_central, layout_basic, chequers_ecumenical_altar_simple,
          nrook_mini_vaults, chequers_serial_rivers_micro_d
D:2:      layout_loops_corners, st_stairs_3, minmay_misc_feat_room, uniq_robin
D:3:      layout_rooms, trog_three_pillars_becter, kennysheep_cluttered_room
D:4:      layout_loops_ring, nicolae_uskayaw_dance_hall, chei_slow_surprise,
          uniq_menkaure
D:5:      layout_basic, nicolae_shop_sticking_my_neck_out
D:6:      layout_cave_pools, nicolae_yredelemnul_corpse_copse,
          chequers_temple_overflow_minitemple, serial_gnoll_camp,
          gnoll_camp_mini_house, gnoll_camp_mini_sergeant, grums_kennel,
          gnoll_camp_mini_loothouse, uniq_edmund

Skill      XL: |  1  2  3  4  5  6  7  8 |
---------------+-------------------------+-----
Unarmed Combat | 3 4 5 6 7 |  7.0
Dodging        | 2 3 4 |  4.8
Fighting       | 4 5 6 |  6.2
Armour         | |  1.5

Action                   |  1- 3 |  4- 6 |  7- 9 || total
-------------------------+-------+-------+-------++-------
Melee: Unarmed           |    87 |    15 |    19 ||   121
       Punch             |     4 |     6 |     8 ||    18
       Short sword       |    70 |       |       ||    70
       Dagger            |     6 |   191 |   232 ||   429
Throw: Boomerang         |       |    16 |    10 ||    26
Invok: Trog's Hand       |     1 |     3 |     1 ||     5
Evoke: Wand              |       |       |     1 ||     1
  Use: Scroll            |       |     4 |     1 ||     5
Armor: Ring mail         |    76 |   103 |    82 ||   261
       Leather armour    |       |       |    43 ||    43
Dodge: Dodged            |   105 |   108 |   192 ||   405
